 Dungeon Crawl Stone Soup version 0.28.0 (webtiles) character file.

Game seed: 4745545611943823207

144 H0rd4k the Magician (level 5, -5/28 HPs)
             Began as a Deep Elf Hedge Wizard on Feb 11, 2022.
             Succumbed to a kobold brigand's curare-tipped dart
             ... in a sewer.
             The game lasted 00:05:15 (4154 turns).

H0rd4k the Magician (Deep Elf Hedge Wizard)         Turns: 4154, Time: 00:05:15

Health: -5/28      AC:  3    Str:  7    XL:     5   Next: 5%
Magic:  15/15      EV: 13    Int: 23    God:
Gold:   135        SH:  0    Dex: 14    Spells: 7/16 levels left

rFire   . . .      SeeInvis .   h - +2 dagger (venom)
rCold   . . .      Faith    .   (no shield)
rNeg    . . .      Spirit   +   n - +0 robe of the Pear {Archmagi}
rPois   +          Reflect  .   c - +0 hat
rElec   .          Harm     .   (no cloak)
rCorr   .          Rampage  .   (no gloves)
Will    .....      Archmagi +   (no boots)
Stlth   ++........              m - amulet of guardian spirit
HPRegen 0.09/turn               (no ring)
MPRegen 0.14/turn               (no ring)

@: lethally poisoned (-5 -> -27), slowed, very slow
A: clever 1, poison resistance, shaggy fur 1
a: no special abilities


You were in a sewer.
You visited 1 branch of the dungeon, and saw 5 of its levels.
You also visited: Sewer.

You collected 135 gold pieces.

Inventory:

Hand Weapons
 g - a +2 dagger of flaming
 h - a +2 dagger of venom (weapon)
Armour
 b - a +0 robe
 c - a +0 hat (worn)
 f - a scarf of shadows
 n - the +0 robe of the Pear (worn) {Archmagi}
   (You found it on level 3 of the Dungeon)

   Archmagi:  It increases the power of your magical spells.
Jewellery
 m - an amulet of guardian spirit (around neck)
Scrolls
 a - 3 scrolls of identify {unknown}
 d - a scroll of enchant armour {unknown}
 e - a scroll of amnesia {unknown}
 j - a scroll of teleportation {unknown}
 p - a scroll of noise {unknown}
 q - a scroll of silence {unknown}
Potions
 i - a potion of flight {unknown}
 k - 2 potions of mutation
 o - a potion of ambrosia {unknown}
 r - a potion of brilliance {unknown}
 s - a potion of might
 t - a potion of heal wounds {unknown}


   Skills:
 + Level 2.9 Dodging
 - Level 2.4 Stealth
 + Level 6.1 Spellcasting
 + Level 2.8 Conjurations
 + Level 1.1 Summonings
 + Level 1.1 Translocations
 + Level 1.2 Fire Magic
 * Level 0.7 Air Magic
 * Level 1.1 Poison Magic


You had 7 spell levels left.
You knew the following spells:

 Your Spells              Type           Power      Damage    Failure   Level
a - Magic Dart            Conj           100%       1d8       2%          1
b - Blink                 Tloc           36%        N/A       9%          2
c - Conjure Flame         Conj/Fire      24%        6-21      11%         3
d - Mephitic Cloud        Conj/Pois/Air  21%        N/A       13%         3

Your spell library contained the following spells:

 Spells                   Type           Power      Damage    Failure   Level
 Call Imp                 Summ           18%        N/A       8%          2
 Slow                     Hex            40%        N/A       9%          1
 Ensorcelled Hibernation  Hex/Ice        20%        N/A       13%         2
 Passwall                 Tmut/Erth      8%         N/A       13%         2
 Swiftness                Air            15%        N/A       19%         3


Dungeon Overview and Level Annotations

Branches:
Dungeon (5/15)              Sewer (1/1)
 Temple: D:4-7

Altars:
Fedhas

Shops:
D:1 [   D:4 =

Annotations:
D:1 exclusion: downstairs


Innate Abilities, Weirdness & Mutations

Your mind is acute. (Int +2)
Your system is resistant to poisons. (rPois)
You are covered in fur. (AC +1)


Message History

You feel a surge of power!
The magic dart hits the kobold.
The kobold is moderately wounded.
The kobold throws a stone.
The stone completely misses you.
You feel a surge of power!
The magic dart hits the kobold.
You kill the kobold!
You feel a surge of power!
The magic dart hits the kobold.
You kill the kobold!
You feel a surge of power!
The magic dart hits the kobold.
You kill the kobold!
The kobold brigand throws a curare-tipped dart.
The curare-tipped dart hits you.
You are poisoned.
You have difficulty breathing.
You feel yourself slow down.
You feel very sick.
The kobold brigand throws a curare-tipped dart.
The curare-tipped dart barely misses you.
You feel a surge of power!
The magic dart hits the kobold brigand but does no damage.
You feel sick.
The kobold brigand throws a curare-tipped dart.
The curare-tipped dart misses you.
You feel a surge of power!
The magic dart hits the kobold brigand.
The kobold brigand is lightly wounded.
You feel sick.
The kobold brigand throws a curare-tipped dart.
The curare-tipped dart hits you.
You are more poisoned.
You have difficulty breathing.
You feel as though you will be slow longer.
The kobold brigand throws a curare-tipped dart.
The curare-tipped dart hits you.
You are lethally poisoned!
You have difficulty breathing.
You feel as though you will be slow longer.
It was a potion of mutation.
You feel extremely strange. Fur sprouts all over your body.
You feel resistant to poisons.
You feel clever.
* * * LOW HITPOINT WARNING * * *
You feel extremely sick.
It was a potion of magic.
Magic courses through your body.
You die...

#### ### ####P.####.###
##............##### #####
##..............P..###
....####.....P..............#
P...............@.K.P.......##
.............................#
..........≈.≈.......≈≈P...≈≈P))..
.........≈≈≈≈≈...≈≈≈≈≈≈....≈≈'!.∩
........P≈≈P≈≈≈..≈≈P≈≈≈≈P.≈≈≈#.!.
##########≈#≈#######≈############
≈≈≈≈≈≈≈≈≈≈≈≈≈≈≈≈≈≈≈≈≈≈≈≈≈≈≈≈≈≈≈#
≈≈≈≈≈≈≈≈≈≈≈≈≈≈≈≈≈≈≈≈≈≈≈≈≈≈≈≈≈≈≈#
≈≈≈≈≈≈≈≈≈≈≈≈≈≈≈≈≈≈≈≈≈≈≈≈≈≈≈≈≈≈≈#


You could see a kobold brigand.

Vanquished Creatures
  Robin (D:2)
  2 adders
  A gnoll (D:4)
  A river rat (D:4)
  A worm (D:4)
  An orc (D:3)
  6 endoplasms
  6 giant cockroaches
  15 goblins
  6 hobgoblins
  4 jackals
  3 quokkas
  8 ball pythons
  5 bats
  3 frilled lizards
  12 kobolds
  11 rats
86 creatures vanquished.

Vanquished Creatures (others)
  A plant (Sewer)
1 creature vanquished.

Grand Total: 87 creatures vanquished

Notes
Turn   | Place    | Note
-------+----------+-------------------------------------------
     0 | D:1      | H0rd4k the Deep Elf Hedge Wizard began the quest for the
                  | Orb.
     0 | D:1      | Reached XP level 1. HP: 10/10 MP: 7/7
   339 | D:1      | Reached XP level 2. HP: 15/15 MP: 5/9
   544 | D:1      | Reached skill level 5 in Spellcasting
  1234 | D:1      | Found Jaerea Mace's Antique Armour Emporium.
  1294 | D:1      | Found a faded altar of an unknown god.
  1451 | D:2      | Noticed Robin
  1533 | D:2      | Reached XP level 3. HP: 12/19 MP: 4/12
  1541 | D:1      | Learned a level 2 spell: Blink
  1545 | D:1      | Learned a level 3 spell: Conjure Flame
  1549 | D:1      | Learned a level 3 spell: Mephitic Cloud
  2295 | D:2      | Found a blossoming altar of Fedhas.
  2522 | D:2      | Killed Robin
  2523 | D:2      | Reached XP level 4. HP: 24/24 MP: 5/13
  3007 | D:3      | Reached skill level 1 in Fire Magic
  3065 | D:3      | Identified the +0 robe of the Pear {Archmagi}
  3473 | D:3      | You fall into a shaft and drop 2 floors!
  3473 | D:5      | Entered Level 5 of the Dungeon
  3600 | D:4      | Found Xocs's Jewellery Shop.
  3655 | D:4      | Reached skill level 6 in Spellcasting
  3661 | D:4      | Found a glowing drain.
  3746 | Sewer    | Entered a sewer
  4007 | Sewer    | Reached XP level 5. HP: 28/28 MP: 13/15
  4031 | Sewer    | Reached skill level 1 in Poison Magic
  4153 | Sewer    | Gained mutation: You are covered in fur. (AC +1) [potion of
                  | mutation]
  4153 | Sewer    | Gained mutation: Your system is resistant to poisons.
                  | (rPois) [potion of mutation]
  4153 | Sewer    | Gained mutation: Your mind is acute. (Int +2) [potion of
                  | mutation]
  4154 | Sewer    | Succumbed to a kobold brigand's curare-tipped dart

Illustrated notes

Levels and vault maps discovered:
D:1:      amcnicky_arrival_feature_with_door, layout_loops_ring,
          chequers_ecumenical_altar_twisty, serial_shops,
          nicolae_shop_behind_doors
D:2:      layout_loops_ring, basic_altar, uniq_robin
D:3:      layout_basic, chequers_decorated_corner, minmay_misc_feat_roman
D:4:      layout_basic, slow_altar_2, mainiacjoe_overflow_chevrons,
          okawaru_trees_2, portal_sewer_entry_b, serial_shops,
          nicolae_shop_advertising_works [nicolae_subvault_shop_adworks], shop,
          shop_statue, nicolae_figureground_pulse, uniq_sigmund
D:5:      layout_loops_cross, elyvilon_altar_5, minmay_checkerbox, uniq_ijyb
Sewer:    kennysheep_pipe_town

Skill      XL: |  1  2  3  4  5 |
---------------+----------------+-----
Spellcasting   | 5 6 |  6.1
Conjurations   | 2 |  2.8
Fire Magic     | 1 |  1.2
Poison Magic   | 1 |  1.1
Dodging        | |  2.9
Stealth        | |  2.4
Summonings     | |  1.1
Translocations | |  1.1
Air Magic      | |  0.7

Action                   |  1- 3 |  4- 6 || total
-------------------------+-------+-------++-------
Melee: Dagger            |     1 |       ||     1
 Cast: Magic Dart        |   133 |    78 ||   211
  Use: Potion            |       |     2 ||     2
Armor: Robe              |     6 |     4 ||    10
Dodge: Dodged            |    30 |     7 ||    37
